A+ CENTRAL
CEDAR RAPIDS KERNELS @ FORT WAYNE TINCAPS
06/01/2042
 
TOP OF THE 1ST
Cedar Rapids Kernels batting - Pitching for Fort Wayne TinCaps : RHP Pepe Medine
Pitching: RHP Pepe Medine
Batting: RHB Luis Sadoval 0-0: Called Strike
0-1: Called Strike
0-2: Strikes out looking
Batting: SHB Juan Gallegos 0-0: Called Strike
0-1: Ball
1-1: Swinging Strike
1-2: Strikes out looking
Batting: LHB Bernardo Contreras 0-0: Called Strike
0-1: Fly out, F8 (Flyball, 78D, EV 98.8 MPH)
Top of the 1st over - 0 runs, 0 hits, 0 errors, 0 left on base; Cedar Rapids 0 - Fort Wayne 0
BOTTOM OF THE 1ST
Fort Wayne TinCaps batting - Pitching for Cedar Rapids Kernels : RHP Brendan Weeks
Pitching: RHP Brendan Weeks
Batting: RHB Renaud Cotichini 0-0: Ball
1-0: Foul Ball, location: 3FF
1-1: Foul Ball, location: 2LF
1-2: Ground out 5-3 (Groundball, 56S, EV 90.6 MPH)
Batting: RHB Sergio Bautista 0-0: Ball
1-0: Foul Ball, location: 2F
1-1: Foul Ball, location: 25F
1-2: Foul Ball, location: 3F
1-2: Ball
2-2: SINGLE (Groundball, 6S, EV 74.4 MPH) (infield hit)
Batting: RHB Anastasio Zambrano 0-0: Fly out, F7 (Flyball, 78M, EV 84.4 MPH)
Batting: RHB Mike Mack 0-0: Ball
Sergio Bautista steals 2nd base
1-0: Ball
2-0: Swinging Strike
2-1: Foul Ball, location: 9LSF
2-2: DOUBLE (Line Drive, 9LS, EV 86.3 MPH)
Sergio Bautista scores
Batting: RHB Tomás Aguilar 0-0: Ball
1-0: Ball
2-0: Ball
3-0: Called Strike
3-1: Base on Balls
Batting: RHB Joe King 0-0: Called Strike
0-1: Foul Ball, location: 23FF
0-2: SINGLE (Groundball, 6MD, EV 95.0 MPH)
Mike Mack to third
Tomás Aguilar to second
Runner from 3rd tries for Home, SAFE, throw by CF to home
Batting: RHB Rod Roberts 0-0: Ball
1-0: Ball
2-0: Swinging Strike
2-1: Ground out 6-3 (Groundball, 6S, EV 80.0 MPH)
Bottom of the 1st over - 2 runs, 3 hits, 0 errors, 2 left on base; Cedar Rapids 0 - Fort Wayne 2
TOP OF THE 2ND
Cedar Rapids Kernels batting - Pitching for Fort Wayne TinCaps : RHP Pepe Medine
Batting: RHB Quintin Thatcher 0-0: Fly out, F7 (Line Drive, 7, EV 99.4 MPH)
Batting: SHB Juan López 0-0: Foul Ball, location: 7LDF
0-1: Called Strike
0-2: Strikes out swinging
Batting: RHB Fytor Valena 0-0: Called Strike
0-1: Ball
1-1: DOUBLE (Groundball, 5L, EV 104.4 MPH)
Batting: RHB Rubén Serrano 0-0: Called Strike
0-1: Foul Ball, location: 5FF
0-2: Fly out, F8 (Flyball, 8RD, EV 95.6 MPH)
Top of the 2nd over - 0 runs, 1 hit, 0 errors, 1 left on base; Cedar Rapids 0 - Fort Wayne 2
BOTTOM OF THE 2ND
Fort Wayne TinCaps batting - Pitching for Cedar Rapids Kernels : RHP Brendan Weeks
Batting: LHB Charlie Fritz 0-0: Ball
1-0: Ball
2-0: Ground out 6-3 (Groundball, 6M, EV 106.3 MPH)
Batting: RHB Juan Sánchez 0-0: Fly out, F9 (Flyball, 9D, EV 91.9 MPH)
Batting: RHB Renaud Cotichini 0-0: Ball
1-0: Ball
2-0: Ball
3-0: Base on Balls
Batting: RHB Sergio Bautista 0-0: Called Strike
0-1: Ball
1-1: Fly out, F4 (Popup, 4, EV 58.8 MPH)
Bottom of the 2nd over - 0 runs, 0 hits, 0 errors, 1 left on base; Cedar Rapids 0 - Fort Wayne 2
TOP OF THE 3RD
Cedar Rapids Kernels batting - Pitching for Fort Wayne TinCaps : RHP Pepe Medine
Batting: RHB Luis Antonio Cardenas 0-0: Called Strike
0-1: Called Strike
0-2: Ball
1-2: Foul Ball, location: 2F
1-2: Strikes out looking
Batting: RHB Kevin Dyer 0-0: Ground out U3 (Groundball, 3, EV 104.4 MPH)
Batting: RHB Luis Sadoval 0-0: Called Strike
0-1: Swinging Strike
0-2: Ball
1-2: Foul Ball, location: 7LDF
1-2: Ball
2-2: Foul Ball, location: 2F
2-2: Ball
3-2: Strikes out swinging
Top of the 3rd over - 0 runs, 0 hits, 0 errors, 0 left on base; Cedar Rapids 0 - Fort Wayne 2
BOTTOM OF THE 3RD
Fort Wayne TinCaps batting - Pitching for Cedar Rapids Kernels : RHP Brendan Weeks
Batting: RHB Anastasio Zambrano 0-0: Called Strike
0-1: Ball
1-1: Swinging Strike
1-2: Strikes out swinging
Batting: RHB Mike Mack 0-0: Ball
1-0: Ball
2-0: Called Strike
2-1: Foul Ball, location: 7LSF
2-2: SOLO HOME RUN (Flyball, 89XD, EV 108.8 MPH), Distance : 415 ft
Batting: RHB Tomás Aguilar 0-0: Ball
1-0: Ball
2-0: Fly out, F8 (Line Drive, 8LD, EV 91.3 MPH)
Batting: RHB Joe King 0-0: Called Strike
0-1: Fly out, F9 (Line Drive, 89D, EV 90.6 MPH)
Bottom of the 3rd over - 1 run, 1 hit, 0 errors, 0 left on base; Cedar Rapids 0 - Fort Wayne 3
TOP OF THE 4TH
Cedar Rapids Kernels batting - Pitching for Fort Wayne TinCaps : RHP Pepe Medine
Batting: SHB Juan Gallegos 0-0: Ball
1-0: Ball
2-0: Ball
3-0: Base on Balls
Batting: LHB Bernardo Contreras 0-0: DOUBLE (Flyball, 8RXD, EV 101.9 MPH)
Juan Gallegos to third
Batting: RHB Quintin Thatcher 0-0: Ball
1-0: Ball
2-0: Ball
3-0: Base on Balls
Batting: SHB Juan López 0-0: Foul Ball, location: 7LDF
0-1: Ball
1-1: Called Strike
1-2: Fly out, F8 (Flyball, 8RD, EV 87.5 MPH)
Batting: RHB Fytor Valena 0-0: Ball
1-0: Grounds into double play, 4-6-3 (Groundball, 4, EV 100.6 MPH)
Top of the 4th over - 0 runs, 1 hit, 0 errors, 2 left on base; Cedar Rapids 0 - Fort Wayne 3
BOTTOM OF THE 4TH
Fort Wayne TinCaps batting - Pitching for Cedar Rapids Kernels : RHP Brendan Weeks
Batting: RHB Rod Roberts 0-0: Ball
1-0: Ball
2-0: Called Strike
2-1: SINGLE (Line Drive, 7S, EV 85.0 MPH)
Batting: LHB Charlie Fritz 0-0: Called Strike
0-1: Bunted foul
0-2: Foul Ball, location: 7LSF
0-2: Strikes out looking
Batting: RHB Juan Sánchez 0-0: Grounds into double play, 4-6-3 (Groundball, 4MD, EV 98.8 MPH)
Bottom of the 4th over - 0 runs, 1 hit, 0 errors, 0 left on base; Cedar Rapids 0 - Fort Wayne 3
TOP OF THE 5TH
Cedar Rapids Kernels batting - Pitching for Fort Wayne TinCaps : RHP Pepe Medine
Batting: RHB Rubén Serrano 0-0: Ball
1-0: Fly out, F9 (Line Drive, 89M, EV 106.9 MPH)
Batting: RHB Luis Antonio Cardenas 0-0: Ball
1-0: Ball
2-0: Ball
3-0: Base on Balls
Batting: RHB Kevin Dyer 0-0: Fielders Choice at 2nd, 6-4 (Groundball, 56, EV 96.9 MPH)
Batting: RHB Luis Sadoval 0-0: Called Strike
0-1: Ball
1-1: Swinging Strike
1-2: Ball
2-2: Ball
Kevin Dyer is caught stealing 2nd base 2-4
Top of the 5th over - 0 runs, 0 hits, 0 errors, 0 left on base; Cedar Rapids 0 - Fort Wayne 3
BOTTOM OF THE 5TH
Fort Wayne TinCaps batting - Pitching for Cedar Rapids Kernels : RHP Brendan Weeks
Batting: RHB Renaud Cotichini 0-0: Called Strike
0-1: Ground out 6-3 (Groundball, 6, EV 101.9 MPH)
Batting: RHB Sergio Bautista 0-0: Ground out 1-3 (Groundball, 13S, EV 63.1 MPH)
Batting: RHB Anastasio Zambrano 0-0: Foul Ball, location: 5F
0-1: Ball
1-1: Ball
2-1: SINGLE (Groundball, P, EV 89.4 MPH) (infield hit)
Batting: RHB Mike Mack 0-0: Foul Ball, location: 2F
0-1: Swinging Strike
0-2: Ball
1-2: Ball
2-2: Strikes out swinging
Bottom of the 5th over - 0 runs, 1 hit, 0 errors, 1 left on base; Cedar Rapids 0 - Fort Wayne 3
TOP OF THE 6TH
Cedar Rapids Kernels batting - Pitching for Fort Wayne TinCaps : RHP Pepe Medine
Batting: RHB Luis Sadoval 0-0: Ball
1-0: Ball
2-0: Called Strike
2-1: Foul Ball, location: 9LSF
2-2: Ball
3-2: Foul Ball, location: 7LDF
3-2: Fly out, F3 (Popup, 23F, EV 81.9 MPH)
Batting: SHB Juan Gallegos 0-0: Ball
1-0: SOLO HOME RUN (Flyball, 89XD, EV 100.6 MPH), Distance : 405 ft
Batting: LHB Bernardo Contreras 0-0: Called Strike
0-1: Ball
1-1: Fly out, F9 (Flyball, 89D, EV 99.4 MPH)
Batting: RHB Quintin Thatcher 0-0: Swinging Strike
0-1: Ball
1-1: Ball
2-1: Called Strike
2-2: Foul Ball, location: 9LSF
2-2: Ball
3-2: Strikes out looking
Top of the 6th over - 1 run, 1 hit, 0 errors, 0 left on base; Cedar Rapids 1 - Fort Wayne 3
BOTTOM OF THE 6TH
Fort Wayne TinCaps batting - Pitching for Cedar Rapids Kernels : RHP Brendan Weeks
Batting: RHB Tomás Aguilar 0-0: Called Strike
0-1: Ground out 5-3 (Groundball, 56, EV 91.9 MPH)
Batting: RHB Joe King 0-0: Ball
1-0: Ball
2-0: Foul Ball, location: 9LSF
2-1: Ball
3-1: Foul Ball, location: 2F
3-2: SINGLE (Line Drive, 3D, EV 105.0 MPH)
Batting: RHB Rod Roberts 0-0: Called Strike
0-1: Ball
1-1: SINGLE (Groundball, 56, EV 81.9 MPH)
Joe King to second
Pitching: RHP Max Johnson
Batting: LHB Charlie Fritz 0-0: Foul Ball, location: 2F
0-1: Swinging Strike
0-2: Strikes out swinging
Batting: RHB Juan Sánchez 0-0: Ball
1-0: Ball
2-0: Called Strike
2-1: Foul Ball, location: 2F
2-2: Strikes out swinging
Bottom of the 6th over - 0 runs, 2 hits, 0 errors, 2 left on base; Cedar Rapids 1 - Fort Wayne 3
TOP OF THE 7TH
Cedar Rapids Kernels batting - Pitching for Fort Wayne TinCaps : RHP Pepe Medine
Batting: SHB Juan López 0-0: Foul Ball, location: 5F
0-1: Ball
1-1: Ball
2-1: Foul Ball, location: 7LMF
2-2: Foul Ball, location: 2F
2-2: Strikes out looking
Batting: RHB Fytor Valena 0-0: Swinging Strike
0-1: SINGLE (Groundball, 13S, EV 70.6 MPH) (infield hit)
Batting: RHB Rubén Serrano 0-0: Ball
1-0: Fly out, F5 (Popup, 25F, EV 93.1 MPH)
Pitching: RHP Yoshitaka Kishita
Batting: RHB Luis Antonio Cardenas 0-0: Ball
1-0: Ball
2-0: Called Strike
2-1: Called Strike
2-2: Strikes out swinging
Top of the 7th over - 0 runs, 1 hit, 0 errors, 1 left on base; Cedar Rapids 1 - Fort Wayne 3
BOTTOM OF THE 7TH
Fort Wayne TinCaps batting - Pitching for Cedar Rapids Kernels : RHP Max Johnson
Batting: RHB Renaud Cotichini 0-0: Called Strike
0-1: Reached on error, E3 (Groundball, 23, EV 85.6 MPH)
Batting: RHB Sergio Bautista 0-0: Sac Bunt to 25 - play at first, batter OUT! 5-3
Renaud Cotichini to second
Batting: RHB Anastasio Zambrano 0-0: Intentional Walk
Batting: RHB Mike Mack 0-0: Called Strike
0-1: Foul Ball, location: 2F
0-2: Ball
1-2: Ball
2-2: Foul Ball, location: 25FF
2-2: Ball
3-2: Fly out, F8 (Flyball, 8RM, EV 84.4 MPH)
Runner from 2nd tags up, SAFE at 3rd with throw by CF
Batting: RHB Tomás Aguilar 0-0: Called Strike
0-1: Ball
1-1: Foul Ball, location: 2F
1-2: Ball
2-2: Foul Ball, location: 5F
2-2: Strikes out swinging
Bottom of the 7th over - 0 runs, 0 hits, 1 error, 2 left on base; Cedar Rapids 1 - Fort Wayne 3
TOP OF THE 8TH
Cedar Rapids Kernels batting - Pitching for Fort Wayne TinCaps : RHP Yoshitaka Kishita
Batting: RHB Kevin Dyer 0-0: Called Strike
0-1: Ball
1-1: Swinging Strike
1-2: Strikes out swinging
Batting: RHB Luis Sadoval 0-0: Ball
1-0: Ground out 4-3 (Groundball, 4, EV 103.1 MPH)
Batting: SHB Juan Gallegos 0-0: SINGLE (Groundball, 56D, EV 96.3 MPH)
Batting: LHB Bernardo Contreras 0-0: Called Strike
0-1: Ball
1-1: Foul Ball, location: 2F
1-2: Foul Ball, location: 3DF
1-2: Fly out, F8 (Flyball, 8RXD, EV 94.4 MPH)
Top of the 8th over - 0 runs, 1 hit, 0 errors, 1 left on base; Cedar Rapids 1 - Fort Wayne 3
BOTTOM OF THE 8TH
Fort Wayne TinCaps batting - Pitching for Cedar Rapids Kernels : RHP Max Johnson
Batting: RHB Joe King 0-0: Foul Ball, location: 3SF
0-1: Swinging Strike
0-2: Strikes out looking
Batting: RHB Rod Roberts 0-0: Called Strike
0-1: Ball
1-1: Foul Ball, location: 2F
1-2: Fly out, F7 (Flyball, 7, EV 93.1 MPH)
Batting: LHB Charlie Fritz 0-0: Swinging Strike
0-1: Ground out 1-3 (Groundball, 13S, EV 66.9 MPH)
Bottom of the 8th over - 0 runs, 0 hits, 0 errors, 0 left on base; Cedar Rapids 1 - Fort Wayne 3
TOP OF THE 9TH
Cedar Rapids Kernels batting - Pitching for Fort Wayne TinCaps : RHP Yoshitaka Kishita
Pitching: LHP Jerry Travis
Now at 3B: Mike Picot
Batting: RHB Quintin Thatcher 0-0: Ball
1-0: Called Strike
1-1: Foul Ball, location: 2F
1-2: Ball
2-2: Ball
3-2: Fly out, F4 (Popup, 3DF, EV 63.8 MPH)
Batting: SHB Juan López 0-0: Ball
1-0: Fly out, F8 (Flyball, 8RXD, EV 85.0 MPH)
Batting: RHB Fytor Valena 0-0: Called Strike
0-1: Ball
1-1: Ball
2-1: Ball
3-1: Base on Balls
Batting: RHB Rubén Serrano 0-0: Called Strike
0-1: Fly out, F9 (Flyball, 89M, EV 81.3 MPH)
Top of the 9th over - 0 runs, 0 hits, 0 errors, 1 left on base; Cedar Rapids 1 - Fort Wayne 3
Friday, May 3rd , 2024 - OOTP Baseball 24.10 Build 82